 Dungeon Crawl Stone Soup version 0.20.1-2-g1830e616b0 (webtiles) character file.

64 Alfie the Shooter (level 4, -2/33 HPs)
             Began as a Human Hunter on Jan 24, 2020.
             Killed by nerve-wracking pain
             ... invoked by Grinder
              (8 damage)
             ... while paralysed by Grinder
             ... on level 3 of the Dungeon.
             The game lasted 00:04:48 (1230 turns).

Alfie the Shooter (Human Hunter)                    Turns: 1230, Time: 00:04:48

Health: -2/33      AC:  5    Str: 13    XL:     4   Next: 32%
Magic:  4/4        EV:  2    Int: 11    God:
Gold:   113        SH:  0    Dex: 14    Spells: 3/3 levels left

rFire    . . .     SeeInvis .   a - +1 shortbow
rCold    . . .     Gourm    .   (shield currently unavailable)
rNeg     . . .     Faith    .   c - +2 leather armour
rPois    .         Spirit   .   (no helmet)
rElec    .         Reflect  .   (no cloak)
rCorr    .         Harm     .   (no gloves)
MR       .....                  (no boots)
Stlth    +.........             (no amulet)
Regen    0.2/turn               (no ring)
MPRegen  0.1/turn               (no ring)

@: paralysed
A: no striking features
a: no special abilities


You were on level 3 of the Dungeon.
You were not hungry.

You visited 1 branch of the dungeon, and saw 3 of its levels.

You collected 113 gold pieces.

Inventory:

Hand Weapons
 a - a +1 shortbow (weapon)
 b - a +0 short sword
Missiles
 d - 38 arrows (quivered)
 p - 7 poisoned tomahawks
Armour
 c - a +2 leather armour (worn)
Scrolls
 e - a scroll of magic mapping
 g - 3 scrolls of identify
Potions
 i - 2 potions of curing {unknown}
 j - a potion of ambrosia {unknown}
 k - a potion of brilliance {unknown}
 m - a potion of heal wounds {unknown}
 n - a potion of cancellation {unknown}


   Skills:
 + Level 2.2 Fighting
 + Level 5.3 Bows
 + Level 0.2 Armour
 + Level 2.1 Dodging
 + Level 1.0 Stealth


You had 3 spell levels left.
You didn't know any spells.

Dungeon Overview and Level Annotations

Branches:
Dungeon (3/15)

Altars:
Hepliaklqana
Qazlal
Zin

Annotations:
D:3 Grinder


Message History

You writhe in agony.
Firing (i - inventory. (,) - cycle):
d - 40 arrows (quivered)
Press: ? - help, Shift-Dir - straight line, f/p - Grinder
Aim: Grinder (severely wounded)
You shoot an arrow. The arrow hits Grinder!
Grinder is almost dead.
Grinder gestures at you. Pain shoots through your body!
Firing (i - inventory. (,) - cycle):
d - 39 arrows (quivered)
Press: ? - help, Shift-Dir - straight line, f/p - Grinder
Aim: Grinder (almost dead)
You shoot an arrow. The arrow hits Grinder.
Grinder is almost dead.
Grinder gestures at you.
You suddenly lose the ability to move!
Grinder hits you.
You writhe in agony.
* * * LOW HITPOINT WARNING * * *
Grinder gestures at you. Pain shoots through your body!
You die...

*,**,****,* *,*
#.**,** *,* *,*
#.#,*,##*,***+**
#..###.**,**,,,**
#.#.#(##*,*,,>,,**
#.#....#*,,,,,,,,**
#....#(##(,,,,,,,,*
#....(.(..,,,,,,,,+
#.@5(#***,,,,,,,,,*
#.#.## **,,,,,,,*,
#.### **,,,,,*,,
##.####### **,,,***,
#...#....# **+** **
###...#.##.# *,* *
#.......##.# *,#
#........#.#####.##
#.................##*


You could see Grinder.

Vanquished Creatures
  3 adders (D:2)
  2 oozes
  4 bats
  2 giant cockroaches
  3 goblins
  3 hobgoblins (D:1)
  A ball python (D:1)
  4 frilled lizards
  7 kobolds
  5 rats
34 creatures vanquished.

Notes
Turn   | Place    | Note
-------+----------+-------------------------------------------
     0 | D:1      | Alfie the Human Hunter began the quest for the Orb.
     0 | D:1      | Reached XP level 1. HP: 16/16 MP: 1/1
   115 | D:1      | Reached XP level 2. HP: 22/22 MP: 2/2
   392 | D:1      | Reached XP level 3. HP: 27/27 MP: 3/3
   536 | D:2      | Found a glowing silver altar of Zin.
   536 | D:2      | Found a stormy altar of Qazlal.
   636 | D:2      | Reached skill level 5 in Bows
   642 | D:2      | Found a hazy altar of Hepliaklqana.
   681 | D:2      | Reached XP level 4. HP: 33/33 MP: 4/4
  1209 | D:3      | Noticed Grinder
  1212 | D:3      | Paralysed by Grinder for 3 turns
  1228 | D:3      | Paralysed by Grinder for 4 turns
  1230 | D:3      | Killed from afar by Grinder

Skill      XL: |  1  2  3 |
---------------+----------+-----
Bows           | 5 |  5.3
Fighting       | |  2.2
Armour         | |  0.2
Dodging        | |  2.1
Stealth        | |  1.0

Action                   |  1- 3 |  4- 6 || total
-------------------------+-------+-------++-------
 Fire: Shortbow          |    79 |    36 ||   115
  Use: Scroll            |       |     7 ||     7
  Eat: Bread ration      |       |     1 ||     1
Armor: Leather armour    |     8 |     1 ||     9
Dodge: Dodged            |    12 |     7 ||    19
